 Dungeon Sprint DCSS version 0.30.1-11-g7821555f0a (webtiles) character file.

Game seed: 13935317073268932989

161 Heoruswealwe the Chopper (level 5, -4/52 HPs)
             Began as a Hill Orc Fighter on Dec 8, 2023.
             Slain by an ice devil (21 damage)
             ... summoned by a kobold demonologist
             ... in the Dungeon (Sprint III: "The Ten Rune Challenge").
             The game lasted 00:03:06 (316 turns).

Heoruswealwe the Chopper (Hill Orc Fighter)          Turns: 316, Time: 00:03:07

Health: -4/52      AC: 10    Str: 21    XL:     5   Next: 42%
Magic:  5/5        EV:  9    Int:  8    God:
Gold:   35         SH:  5    Dex: 10    Spells: 4/4 levels left

rFire   . . .        a - +0 war axe
rCold   . . .        d - +0 buckler
rNeg    . . .        c - +0 scale mail
rPois   .            (no helmet)
rElec   .            h - +1 cloak
rCorr   .            (no gloves)
SInv    .            (no boots)
Will    .....        (no amulet) Stlth
                     (no ring)
HPRegen 0.28/turn    (no ring)
MPRegen 0.09/turn

%: no teleportation
@: no status effects
A: no striking features
a: no special abilities


You were in the Dungeon.
You visited 1 branch You collected 35 gold pieces.

Inventory:

Hand Weapons
 a - a +0 war axe (weapon)
Armour
 c - a +0 scale mail (worn)
 d - a +0 buckler (worn)
 h - a +1 cloak (worn)
Scrolls
 j - a scroll of blinking
Potions
 b - a potion of might
 e - 2 potions of curing
 g - 2 potions of haste
 i - a potion of berserk rage
 k - 3 potions of mutation


   Skills:
 + Level 7.3 Fighting
 + Level 7.3 Axes
 + Level 6.6 Armour
 + Level 6.6 Shields


You had 4 spell levels left.
You didn't know any spells.
Your spell library was empty.

Dungeon Overview and Level Annotations

Branches:
Dungeon (1/1)

Altars:
Kikubaaqudgha
Sif Muna
Vehumet


Message History

You hit the crimson imp. The crimson imp misses you.
The ynoxinul barely misses you.
You closely miss the ynoxinul.
The ynoxinul is heavily wounded.
You closely miss the crimson imp.
The kobold demonologist gestures wildly while chanting.
The crimson imp hits you. The ynoxinul misses you.
You hit the ynoxinul.
The ynoxinul is heavily wounded.
You slash the crimson imp! The crimson imp closely misses you.
The ynoxinul hits you but does no damage.
You slash the ynoxinul!
The ynoxinul is almost dead.
You hit the crimson imp.
You kill the crimson imp!
The crimson imp disappears in a puff of smoke!
You block the ynoxinul's attack.
You hit the ynoxinul but do no damage.
The ynoxinul is almost dead.
The ynoxinul disappears in a puff of smoke!
The ufetubus disappears in a puff of smoke! x2
You hit the kobold demonologist but do no damage.
The iron imp disappears in a puff of smoke!
You hit the ice devil but do no damage. You hit the ice devil.
The ice devil is lightly wounded.
The ice devil barely misses you. The ice devil hits you.
The ice devil freezes you!
You hit the ice devil.
The ice devil is lightly wounded.
The ice devil hits you but does no damage.
You closely miss the ice devil.
The ice devil is lightly wounded.
The kobold demonologist gestures wildly while chanting.
You block the ice devil's attack.
The kobold demonologist miscasts a cantrip.
You hit the ice devil.
The ice devil is moderately wounded.
The ice devil hits you. The ice devil freezes you!!
You die...

#!.'...♣♣♣ ♣.# #..#.....♣♣
♣.# ####....♣.♣ ♣♣.#
...#....†♣♣ ♣..###+#+###+#
...#...~~♣♣ ♣♣.#..........
..)#).~~~~♣♣♣♣.'.⌠........
##'#..~≈≈~~~♣♣.#...######+
.†)#.~~≈~~~....#.⌠.#
...#.~≈~~~.....#@..#
...#.~~~.......#4###
####...........#K3
...............#___
▓▓▓▓▓▓▓▓▓▓▓▓▓▓▓▓▓▓▓▓


You could see an ice devil (summoned), a kobold demonologist and a smoke demon
(summoned).

Vanquished Creatures
  A water elemental (D)
  Crazy Yiuf (D)
  Jessica (D)
  A wizard (D)
  A human (D)
  An endoplasm (D)
  2 rats (D)
8 creatures vanquished.

Notes
Turn   | Place    | Note
-------+----------+-------------------------------------------
     0 | D        | Heoruswealwe the Hill Orc Fighter began the quest for the
                  | Orb.
     0 | D        | Reached XP level 1. HP: 19/19 MP: 1/1
    11 | D        | Noticed Jessica
    16 | D        | Killed Jessica
    17 | D        | Reached skill level 5 in Fighting
    17 | D        | Reached XP level 2. HP: 13/29 MP: 2/2
    17 | D        | Reached XP level 3. HP: 17/36 MP: 3/3
    99 | D        | Noticed Crazy Yiuf
   108 | D        | Killed Crazy Yiuf
   109 | D        | Reached skill level 5 in Axes
   109 | D        | Reached skill level 5 in Armour
   109 | D        | Reached skill level 5 in Shields
   233 | D        | Reached XP level 4. HP: 39/44 MP: 4/4
   252 | D        | Noticed a water elemental
   258 | D        | Killed a water elemental
   259 | D        | Reached XP level 5. HP: 51/51 MP: 5/5
   291 | D        | Found a radiant altar of Vehumet.
   291 | D        | Found a shimmering blue altar of Sif Muna.
   291 | D        | Found an ancient bone altar of Kikubaaqudgha.
   293 | D        | Noticed a ynoxinul
   308 | D        | Noticed an ice devil
   316 | D        | Noticed a smoke demon
   316 | D        | Slain by an ice devil

Illustrated notes

Levels and vault maps discovered:
D:        dungeon_sprint_mu [sprint_mu_entry_forest, sprint_mu_temple_rooms,
          sprint_mu_d1_spiders, sprint_mu_d2_genie, sprint_mu_d3_branching,
          sprint_mu_orc_legion, sprint_mu_elf_gauntlet, sprint_mu_hive_nellie,
          sprint_mu_lair_fedhas, sprint_mu_vaults_butterflies,
          sprint_mu_slime_circle, sprint_mu_shoals_archi,
          sprint_mu_snake_twists, sprint_mu_blade_basic, sprint_mu_crypt_lich,
          sprint_mu_tomb_spiral, sprint_mu_vestibule_basic,
          sprint_mu_gehenna_hellfire, sprint_mu_dis_giant,
          sprint_mu_tartarus_statrot, sprint_mu_cocytus_islands, sprint_mu_zot1]

Skill      XL: |  1  2  3  4  5 |
---------------+----------------+-----
Axes           | 4 5 6 7 |  7.3
Fighting       | 5 6 7 |  7.3
Armour         | 4 5 6 |  6.6
Shields        | 4 5 6 |  6.6

Action                     |  1- 3 |  4- 6 || total
---------------------------+-------+-------++-------
  Melee: War axe           |    31 |    30 ||    61
    Use: Scroll            |     3 |       ||     3
         Potion            |     1 |     1 ||     2
 Armour: Scale mail        |     4 |    10 ||    14
  Dodge: Dodged            |    15 |    10 ||    25
  Block: Buckler           |     5 |     6 ||    11
